 Dungeon Crawl Stone Soup version 0.31.0-12-g77e489cdc1 (webtiles) character file.

Game seed: 15347410966022077860

94 lordive the Changeling (level 4, -2/32 HPs)
             Began as a Merfolk Shapeshifter on Feb 29, 2024.
             Killed from afar by an orc wizard (5 damage)
             ... with a magic dart
             ... on level 3 of the Dungeon.
             The game lasted 00:02:21 (2101 turns).

lordive the Changeling (Merfolk Shapeshifter)       Turns: 2101, Time: 00:02:22

Health: -2/32      AC:  2    Str: 14    XL:     4   Next: 63%
Magic:  4/4        EV: 13    Int: 11    God:
Gold:   194        SH:  0    Dex: 13    Spells: 3/3 levels left

rFire   . .          .
                       - Unarmed
rCold   . . .        (no shield)
rNeg    . . .        a - +0 animal skin
rPois   .            (helmet currently unavailable)
rElec   .            (cloak currently unavailable)
rCorr   .            (gloves currently unavailable)
SInv    .            (boots currently unavailable)
Will    .....        (no amulet)
Stlth   +            (no ring)
HPRegen 0.25/turn    (no ring)
MPRegen 0.09/turn

%: no passive effects
@: beast-form
A: beast (slay +2), (nimble swimmer 2), mertail
a: Begin Untransformation


You were on level 3 of the Dungeon.
You were a hulking beast.
You visited 1 branch of the dungeon, and saw 3 of its levels.

You collected 194 gold pieces.

Inventory:

Armour
 a - a +0 animal skin (worn)
 r - an orb of light
Talismans
 c - a beast talisman (active)
 d - a flux talisman
Scrolls
 k - 5 scrolls of noise {unknown}
 m - a scroll of enchant weapon {unknown}
 n - a scroll of revelation {unknown}
 o - 4 scrolls of identify {unknown}
 q - a scroll of teleportation {unknown}
 s - a scroll of poison {unknown}
Potions
 b - 2 potions of lignification
 e - a potion of ambrosia {unknown}
 f - a potion of resistance {unknown}
 g - 2 potions of berserk rage {unknown}
 h - 2 potions of curing {unknown}
 i - a potion of brilliance {unknown}
 j - 2 potions of heal wounds {unknown}
 l - a potion of degeneration {unknown}
 p - a potion of enlightenment {unknown}


   Skills:
 + Level 1.4 Fighting
 + Level 3.4 Dodging
 + Level 4.7 Unarmed Combat
 + Level 4.8 Shapeshifting


You had 3 spell levels left.
You didn't know any spells.
Your spell library was empty.

Dungeon Overview and Level Annotations

Branches:
Dungeon (3/15)

Altars:


Innate Abilities, Weirdness & Mutations

You are a hulking beast.
Your limbs bulge with bestial killing power. (Slay +2)
((You are very nimble when in or above water. (Stealth+, EV+, Speed+++)))
Your lower body shifts to a powerful aquatic tail in water.


Message History

The orc hits you but does no damage.
The orc wizard mumbles some strange words.
The orc wizard flickers and vanishes!
Deactivating autopickup; reactivate with Ctrl-A.
You hit the orc.
You kill the orc!
You closely miss the orc. You hit the orc.
The orc is severely wounded.
The orc completely misses you. The orc barely misses you. Something hits you.
You closely miss the orc.
The orc is severely wounded.
The orc hits you from afar with a +0 trident!
The orc barely misses you.
You hit the orc.
You kill the orc!
Something hits you but does no damage.
The orc throws a boomerang.
You completely miss something.
The orc throws a boomerang.
The boomerang barely misses you. Something hits you. The orc barely misses you.
You see here a +0 club.
You barely miss the orc. Something hits you.
You hit the orc.
The orc is moderately wounded.
The orc hits you with a +0 trident. Something hits you.
You barely miss the orc.
The orc is moderately wounded.
The orc closely misses you.
You hear some strange, mumbled words.
A magic dart appears from out of thin air!
The magic dart hits you!
* * * LOW HITPOINT WARNING * * *
You closely miss the orc.
The orc is moderately wounded.
The orc hits you with a +0 trident.
* * * LOW HITPOINT WARNING * * *
You hear some strange, mumbled words.
A magic dart appears from out of thin air!
The magic dart hits you.
You die...

.... ............. #..
........... #######..
#......... .....##..
#......###
.....##.#######.........
.....##.....#...###+#...
.....##)............# .
.....##.........o...#
..........[....#h##.#...
...............#.{......
............>..##.......
..##...........##......#
.....####.....###......#
...............##......#
.......................#
.......................#
.......................+


You could see an orc.

Vanquished Creatures
  3 adders (D:3)
  A dart slug (D:2)
  A ribbon worm (D:3)
  2 orcs (D:3)
  8 bats
  3 endoplasms
  4 giant cockroaches
  9 goblins
  5 hobgoblins
  2 jackals (D:2)
  A quokka (D:1)
  2 ball pythons (D:2)
  7 frilled lizards
  2 kobolds (D:1)
  8 rats
58 creatures vanquished.

Notes
Turn   | Place    | Note
-------+----------+-------------------------------------------
     0 | D:1      | lordive the Merfolk Shapeshifter began the quest for the
                  | Orb.
     0 | D:1      | Reached XP level 1. HP: 15/15 MP: 1/1
    89 | D:1      | Reached XP level 2. HP: 21/21 MP: 2/2
   789 | D:2      | Reached XP level 3. HP: 26/26 MP: 3/3
  1779 | D:3      | Reached XP level 4. HP: 26/32 MP: 4/4
  2101 | D:3      | Killed from afar by an orc wizard

Illustrated notes

Levels and vault maps discovered:
D:1:      matt_arrival_debris, layout_loops_ring, item_on_display_a
D:2:      layout_loops_corners, minmay_pentomino_z4
D:3:      layout_basic

Skill      XL: |  1  2  3 |
---------------+----------+-----
Dodging        | 3 |  3.4
Unarmed Combat | 4 |  4.7
Fighting       | |  1.4
Shapeshifting  | |  4.8

Action                     |  1- 3 |  4- 6 || total
---------------------------+-------+-------++-------
  Melee: Unarmed           |   110 |    58 ||   168
         Punch             |     1 |       ||     1
   Stab: Sleeping          |     8 |       ||     8
 Armour: Animal skin       |    56 |    37 ||    93
  Dodge: Dodged            |    68 |    60 ||   128
   Form: Beast             |     1 |       ||     1
